 Dungeon Crawl Stone Soup version 0.19.1 (webtiles) character file.

30236 Ice the Slicer (level 13, -10/166 HPs)
             Began as a Minotaur Berserker on Dec 14, 2016.
             Was a High Priest of Trog.
             Mangled by a harpy (17 damage)
             ... on level 2 of the Shoals.
             The game lasted 01:45:35 (13903 turns).

Ice the Slicer (Minotaur Berserker)                Turns: 13903, Time: 01:45:36

Health: -10/166    AC:  8    Str: 36    XL:     13   Next: 19%
Magic:  17/17      EV: 16    Int:  2    God:    Trog [*****.]
Gold:   36         SH:  8    Dex: 19    Spells: 0 memorised, 12 levels left

rFire  + . .     SeeInvis .     v - +2 rapier of the Endless March {freeze, Str+7}
rCold  . . .     Gourm    .     m - +3 leather armour of Xom's Displeasure {Dex+2 Slay+2}
rNeg   . . .     Faith    .     q - +2 buckler
rPois  .         Spirit   .     (helmet restricted)
rElec  .         Reflect  .     D - +0 cloak {+Inv}
rCorr  .         Harm     .     (no gloves)
MR     +....                    (no boots)
Stlth  ..........               (no amulet)
                                d - ring of Recklessness {+Inv rF+ MR+ Int-2}
                                L - +4 ring of dexterity

@: berserking, very quick
A: retaliatory headbutt, horns 2
a: Berserk, Trog's Hand, Brothers in Arms, Burn Spellbooks, Renounce Religion,
Evoke Invisibility


You were on level 2 of the Shoals.
You worshipped Trog.
Trog was extremely pleased with you.
You were hungry.

You visited 3 branches of the dungeon, and saw 13 of its levels.
You also visited: Labyrinth.

You collected 1034 gold pieces.
You spent 998 gold pieces at shops.

Inventory:

Hand Weapons
 p - a +0 longbow
 v - the +2 rapier of the Endless March (weapon) {freeze, Str+7}
   (You found it on level 7 of the Dungeon)

   It has been specially enchanted to freeze those struck by it, causing extra
   injury to most foes and up to half again as much damage against particularly
   susceptible opponents.
   It can also slow down cold-blooded creatures.
   It affects your strength (+7).
 z - the +3 hunting sling "Gaucept" {flame, rC+ Int+4 Stlth+}
   (Trog gifted it to you on level 9 of the Dungeon)

   It causes projectiles fired from it to burn those they strike, causing extra
   injury to most foes and up to half again as much damage against particularly
   susceptible opponents.
   It affects your intelligence (+4).
   It protects you from cold.
   It makes you more stealthy.
 G - a +0 flail of holy wrath
Missiles
 b - 101 arrows
 h - 259 stones (quivered)
 o - 15 poisoned needles
 s - 100 bolts
 w - 51 sling bullets
 K - 18 tomahawks
 R - 4 tomahawks of returning
 W - 4 steel tomahawks
Armour
 m - the +3 leather armour of Xom's Displeasure (worn) {Dex+2 Slay+2}
   (You took it off a minotaur in a labyrinth)

   It affects your dexterity (+2).
   It affects your accuracy and damage with ranged weapons and melee attacks
   (+2).
 q - a +2 buckler (worn)
 D - a +0 cloak of invisibility (worn)
Jewellery
 d - the ring of Recklessness (right hand) {+Inv rF+ MR+ Int-2}
   (You took it off a minotaur in a labyrinth)

   [ring of protection from magic]

   It affects your intelligence (-2).
   It protects you from fire.
   It affects your resistance to hostile enchantments.
   It lets you turn invisible.
 L - a +4 ring of dexterity (left hand)
Wands
 j - a wand of acid (6/15)
 k - a wand of slowing (18/48)
 n - a wand of confusion (24/48)
 u - a wand of confusion (22/48)
 A - a wand of lightning (7/15)
 P - a wand of digging (3/24)
 S - a wand of lightning (8/15)
 X - a wand of iceblast (8/15)
 Y - a wand of flame (18/48)
 Z - a wand of lightning (6/15)
Scrolls
 g - a scroll of recharging {unknown}
 t - 2 scrolls of remove curse
 x - 6 scrolls of teleportation
 E - 2 scrolls of fog
 F - a scroll of enchant weapon {unknown}
 J - a scroll of magic mapping
 M - a scroll of vulnerability {unknown}
 O - 2 scrolls of immolation {unknown}
Potions
 a - a potion of might
 e - a potion of curing
 f - 2 potions of flight {unknown}
 i - 2 potions of mutation
 l - 4 potions of agility {unknown}
 B - a potion of haste
 H - 2 potions of ambrosia {unknown}
 Q - 2 potions of berserk rage
 T - a potion of cancellation {unknown}
 V - a potion of magic {unknown}
Books
 y - a book of Changes

   Spells                             Type                      Level
   a - Beastly Appendage              Transmutation                1
   b - Sticks to Snakes               Transmutation                2
   c - Spider Form                    Transmutation/Poison         3
   d - Ice Form                       Ice/Transmutation            4
   e - Blade Hands                    Transmutation                5
   Trog disapproves of the use of such an item.
 I - a book of Maledictions

   Spells                             Type                      Level
   a - Corona                         Hexes                        1
   b - Ensorcelled Hibernation        Hexes/Ice                    2
   c - Confuse                        Hexes                        3
   d - Tukima's Dance                 Hexes                        3
   e - Dazzling Spray                 Conjuration/Hexes            3
   Trog disapproves of the use of such an item.
Miscellaneous
 r - a lamp of fire
Comestibles
 c - 7 bread rations
 C - 7 beef jerkies
 N - 2 fruits
 U - 4 meat rations


   Skills:
 - Level 9.0 Fighting
 + Level 12.4 Short Blades
 - Level 5.7 Maces & Flails
   Level 2.7 Polearms
 - Level 12.0 Slings
 - Level 6.0 Armour
 - Level 5.2 Dodging
 - Level 7.2 Stealth
 - Level 5.0 Shields
 - Level 7.8 Evocations


You had 12 spell levels left.
You didn't know any spells.

Dungeon Overview and Level Annotations

Branches:
Dungeon (9/15)             Temple (0/1) D:6            Lair (2/6) D:9
 Shoals (2/4) Lair:2
  Snake: Lair:2-4    Spider: Lair:2-4       Orc: D:9-12

Altars:
Cheibriados
Dithmenos
Fedhas
Hepliaklqana
Nemelex Xobeh
Ru
Sif Muna
Uskayaw
Yredelemnul

Shops:
D:9 :([   Shoals:2 !

Annotations:
D:9 Gastronok


Innate Abilities, Weirdness & Mutations

You reflexively headbutt those who attack you in melee.
You have a pair of horns on your head.


Message History

You kill the harpy!
Trog accepts your kill. You block the harpy's attack. The harpy misses you.
You block the harpy's attack. The harpy completely misses you.
You hit the harpy. You freeze the harpy.
You kill the harpy!
Trog accepts your kill. The harpy barely misses you. The harpy claws you!
* * * LOW HITPOINT WARNING * * *
You puncture the harpy! You freeze the harpy. You headbutt the harpy!
The harpy is severely wounded.
The harpy claws you.
* * * LOW HITPOINT WARNING * * *
The harpy completely misses you. You block the harpy's attack.
The harpy closely misses you.
You impale the harpy!! You freeze the harpy.
You kill the harpy!
Trog accepts your kill. The harpy claws you!
You die...

≈≈≈≈≈≈≈≈(...≈≈≈...$.$..
≈≈...≈≈≈≈....≈≈≈≈≈...
≈≈.#.≈≈≈..<# .≈≈≈≈(
#≈≈≈≈≈≈≈....}..m##.≈≈≈≈≈
#≈≈≈≈≈≈≈≈≈.≈≈≈.....≈≈≈≈≈
#≈≈≈≈≈≈≈≈≈≈≈≈≈.....≈≈≈≈.≈
#≈≈≈≈≈≈≈≈≈≈≈....≈....≈≈≈/≈
#≈≈≈≈≈≈≈≈≈≈≈.###††...≈≈≈≈H≈
#≈≈≈≈≈≈≈≈≈≈.## #@H≈≈H≈≈≈≈≈≈.
#≈≈≈≈≈≈≈≈≈≈..###.≈≈≈≈≈≈≈≈≈≈≈≈
#≈≈≈≈≈≈≈≈≈≈≈..##.≈≈≈≈≈≈≈≈≈≈≈≈
#≈≈≈≈≈≈≈≈≈≈≈....≈≈≈≈≈≈≈≈≈≈≈≈≈
#≈≈≈≈≈≈≈≈≈≈.≈≈≈≈≈≈≈≈≈≈≈≈≈≈≈≈≈
#≈≈≈≈≈≈≈≈≈.≈≈≈≈≈≈≈≈≈≈≈≈≈≈≈≈≈≈
#≈≈≈≈≈≈≈≈≈≈≈≈≈≈≈≈≈≈≈≈≈≈≈≈≈≈≈≈
#≈≈≈≈≈≈≈≈≈≈≈....≈≈≈≈≈≈≈≈≈≈≈≈≈
#≈≈≈≈≈≈≈≈≈≈.......≈≈≈≈≈≈≈≈≈≈≈


You could see a merfolk avatar and 2 harpies.

Vanquished Creatures
  Kirke (Shoals:1)
  The ghost of nefhilion the Bludgeoner, a journeyman OgMo of Qazlal (Lair:2)
  A minotaur (Lab)
  Josephine (Shoals:1)
  Erica (D:8)
  A merfolk aquamancer (Shoals:2)
  A merfolk avatar (Shoals:1)
  3 sea snakes (Shoals:1)
  6 harpies
  An oklob plant (Lair:2)
  4 manticores (Shoals:1)
  6 sirens
  A black mamba (Lair:2)
  The ghost of Ice the Vandal, a novice MiBe of Trog (D:4)
  5 spiny frogs
  2 gargoyles (Lab)
  A rime drake (Lair:2)
  3 komodo dragons
  A two-headed ogre (D:9)
  5 merfolk (Shoals:1)
  8 blink frogs
  3 snapping turtles (Shoals:1)
  4 hippogriffs
  3 water elementals
  3 wraiths (Shoals:1)
  2 redbacks (Lab)
  Eustachio (D:4)
  2 hungry ghosts
  9 yaks
  5 water moccasins
  6 porcupines
  4 orc warriors
  A sky beast (D:8)
  A black bear (D:9)
  3 phantoms
  3 ogres
  A centaur (Shoals:1)
  4 wolves (Lair:2)
  7 crocodiles
  A big kobold (D:8)
  6 bullfrogs
  5 scorpions
  4 killer bees (D:8)
  A howler monkey (D:5)
  A crimson imp (D:6)
  A quasit (D:4)
  A bullfrog zombie (D:8)
  5 orc priests
  11 hounds
  3 jellies
  15 orc wizards
  A centaur skeleton (D:8)
  Terence (D:3)
  Natasha (twice) (D:3)
  10 iguanas
  2 worker ants (D:8)
  2 hound zombies
  A worker ant zombie (D:6)
  3 gnolls (D:6)
  11 adders
  3 river rats (D:9)
  4 shadow imps
  An ooze (D:5)
  An adder zombie (D:5)
  4 worms
  A dart slug (D:1)
  5 leopard geckos
  42 orcs
  3 bats
  5 giant cockroaches
  7 goblins
  6 hobgoblins
  5 jackals
  14 kobolds
  5 quokkas
  6 frilled lizards
  2 gnoll zombies (D:4)
  A jackal skeleton (D:4)
  A leopard gecko skeleton (D:4)
  2 quokka skeletons
  A quokka zombie (D:8)
  8 rats
330 creatures vanquished.

Vanquished Creatures (others)
  2 humans (Shoals:1)
  3 fungi (Lair:2)
  2 plants
7 creatures vanquished.

Grand Total: 337 creatures vanquished

Notes
Turn   | Place    | Note
-------+----------+-------------------------------------------
     0 | D:1      | Ice the Minotaur Berserker began the quest for the Orb.
     0 | D:1      | Reached XP level 1. HP: 19/19 MP: 0/0
   324 | D:1      | Reached XP level 2. HP: 27/27 MP: 1/1
  1084 | D:2      | Found a hazy altar of Hepliaklqana.
  1185 | D:2      | Reached skill level 5 in Fighting
  1187 | D:2      | Reached XP level 3. HP: 36/36 MP: 2/2
  1297 | D:2      | Reached ** piety under Trog
  1480 | D:3      | Found a faded altar of an unknown god.
  1593 | D:3      | Noticed Natasha
  1599 | D:3      | Killed Natasha
  1599 | D:3      | Reached XP level 4. HP: 31/42 MP: 3/3
  1603 | D:3      | Noticed Terence
  1611 | D:3      | Found a blossoming altar of Fedhas.
  1621 | D:3      | Killed Terence
  1641 | D:3      | Found a deep blue altar of Sif Muna.
  1717 | D:3      | Found a hide-covered altar of Uskayaw.
  1774 | D:3      | Reached XP level 5. HP: 48/48 MP: 4/4
  1778 | D:3      | Reached skill level 5 in Dodging
  1874 | D:3      | Noticed Natasha
  1879 | D:3      | Killed Natasha
  1879 | D:3      | Reached skill level 1 in Slings
  2301 | D:4      | Found a shadowy altar of Dithmenos.
  2330 | D:4      | Reached XP level 6. HP: 55/56 MP: 5/5
  2478 | D:4      | Noticed Ice's ghost (novice MiBe)
  2494 | D:4      | Noticed Eustachio
  2496 | D:4      | Killed Ice's ghost
  2496 | D:4      | Reached XP level 7. HP: 8/61 MP: 6/6
  2539 | D:4      | Killed Eustachio
  2681 | D:4      | Reached *** piety under Trog
  2695 | D:4      | Found a basalt altar of Yredelemnul.
  2916 | D:4      | Found a sparkling altar of Nemelex Xobeh.
  2987 | D:5      | Entered Level 5 of the Dungeon
  3507 | D:5      | Reached XP level 8. HP: 68/68 MP: 7/7
  4330 | D:6      | Reached skill level 10 in Slings
  4394 | D:6      | Received a gift from Trog
  4534 | D:6      | Found a staircase to the Ecumenical Temple.
  4590 | D:6      | Found a sacrificial altar of Ru.
  4994 | D:7      | Reached XP level 9. HP: 69/74 MP: 8/8
  5007 | D:7      | Reached **** piety under Trog
  5342 | D:7      | Reached skill level 1 in Polearms
  5680 | D:7      | Got a translucent rapier
  5681 | D:7      | Identified the cursed +2 rapier of the Endless March {freeze, Str+7} (You found it on level 7 of the Dungeon)
  5714 | D:7      | Reached skill level 1 in Short Blades
  5909 | D:7      | Found a deep blue altar of Sif Muna.
  6305 | D:8      | Received a gift from Trog
  6444 | D:8      | Reached skill level 5 in Short Blades
  6534 | D:8      | Noticed Erica
  6550 | D:8      | Killed Erica
  6601 | D:8      | Reached XP level 10. HP: 16/81 MP: 9/9
  6617 | D:8      | HP: 4/81 [poisoned by a killer bee]
  6624 | D:8      | HP: 3/81 [poisoned by a killer bee]
  6631 | D:8      | HP: 2/81 [poisoned by a killer bee]
  6639 | D:8      | HP: 2/81 [poisoned by a killer bee]
  7313 | D:9      | Found Pemevi's Book Emporium.
  7395 | D:9      | Found a snail-covered altar of Cheibriados.
  7470 | D:9      | Reached ***** piety under Trog
  7556 | D:9      | Found Neaperal's Antique Armour Boutique.
  7592 | D:9      | Reached skill level 10 in Short Blades
  7619 | D:9      | Bought a dazzling scale mail for 234 gold pieces
  7629 | D:9      | Identified the +6 scale mail of Apoumib {MP+9} (You bought it in a shop on level 9 of the Dungeon)
  7629 | D:9      | Bought a scorched ring mail for 234 gold pieces
  7651 | D:9      | Identified the +4 ring mail of Moirytopt {rF+ Int+3} (You bought it in a shop on level 9 of the Dungeon)
  7672 | D:9      | Received a gift from Trog
  7673 | D:9      | Got a warped hunting sling {god gift}
  7866 | D:9      | Found a sparkling altar of Nemelex Xobeh.
  7882 | D:9      | Found Alory's Antique Weapon Emporium.
  7990 | D:9      | Found a staircase to the Lair.
  8112 | D:9      | Noticed Gastronok
  8289 | Lair:1   | Entered Level 1 of the Lair of Beasts
  8341 | Lair:1   | Noticed a spiny frog
  8354 | Lair:1   | Killed a spiny frog
  8555 | Lair:1   | Noticed a spiny frog
  8555 | Lair:1   | Noticed a spiny frog
  8572 | Lair:1   | Killed a spiny frog
  8572 | Lair:1   | Reached skill level 5 in Armour
  8572 | Lair:1   | Reached XP level 11. HP: 65/86 MP: 10/10
  8635 | Lair:1   | Reached skill level 1 in Shields
  8642 | Lair:1   | Identified the +3 hunting sling "Gaucept" {flame, rC+ Int+4 Stlth+} (Trog gifted it to you on level 9 of the Dungeon)
  8738 | Lair:1   | Reached skill level 5 in Shields
  8809 | Lair:1   | Reached skill level 1 in Stealth
  9411 | Lair:2   | Found a staircase to the Shoals.
  9470 | Shoals:1 | Entered Level 1 of the Shoals
  9564 | Lair:2   | Reached skill level 5 in Stealth
  9641 | Lair:2   | Noticed an oklob plant
  9737 | Lair:2   | Noticed nefhilion's ghost (journeyman OgMo)
  9758 | Lair:2   | Killed nefhilion's ghost
  9843 | Lair:2   | Found a labyrinth entrance.
  9849 | Lab      | Entered a labyrinth
 10840 | Lab      | Noticed a minotaur
 10947 | Lab      | Killed a minotaur
 10947 | Lab      | Reached skill level 5 in Maces & Flails
 10947 | Lab      | Reached XP level 12. HP: 26/94 MP: 11/11
 10986 | Lab      | Got a translucent jade ring
 10989 | Lab      | Got a slimy leather armour
 11000 | Lab      | Identified the +3 leather armour of Xom's Displeasure {Dex+2 Slay+2} (You took it off a minotaur in a labyrinth)
 11033 | Lab      | Identified the ring of Recklessness {+Inv rF+ MR+ Int-2} (You took it off a minotaur in a labyrinth)
 11078 | Lair:2   | Reached skill level 1 in Evocations
 11730 | Shoals:1 | Reached skill level 5 in Evocations
 11901 | Shoals:1 | Noticed Kirke
 11913 | Shoals:1 | Killed Kirke
 12003 | Shoals:1 | Noticed Josephine
 12329 | Shoals:1 | Killed Josephine
 12567 | Shoals:1 | Noticed a merfolk avatar
 12614 | Shoals:1 | Killed a merfolk avatar
 12822 | Shoals:1 | Noticed a kraken
 13166 | Shoals:2 | Noticed a merfolk aquamancer
 13166 | Shoals:2 | Noticed a merfolk avatar
 13167 | Shoals:2 | Killed a merfolk aquamancer
 13172 | Shoals:1 | Reached XP level 13. HP: 63/110 MP: 17/17
 13740 | Shoals:2 | Found a frozen archway.
 13847 | Shoals:2 | Found Datrusod's Distillery.
 13860 | Shoals:2 | Bought a potion of might for 80 gold pieces
 13860 | Shoals:2 | Bought 2 potions of curing for 120 gold pieces
 13860 | Shoals:2 | Bought a potion of berserk rage for 100 gold pieces
 13860 | Shoals:2 | Bought a potion of lignification for 60 gold pieces
 13860 | Shoals:2 | Bought 2 potions of lignification for 120 gold pieces
 13860 | Shoals:2 | Bought a potion of mutation for 50 gold pieces
 13901 | Shoals:2 | HP: 8/166 [harpy (8)]
 13903 | Shoals:2 | Mangled by a harpy

Skill      XL: |  1  2  3  4  5  6  7  8  9 10 11 12 13 |
---------------+----------------------------------------+-----
Fighting       | 4 5 8 9 |  9.0
Dodging        | 4 5 |  5.2
Slings         | 3 6 8 11 12 | 12.0
Polearms       | 2 |  2.7
Short Blades   | 7 11 12 | 12.4
Armour         | 5 6 |  6.0
Shields        | 5 |  5.0
Stealth        | 7 |  7.2
Maces & Flails | 5 |  5.7
Evocations     | 7 |  7.8

Action                   |  1- 3 |  4- 6 |  7- 9 | 10-12 | 13-15 || total
-------------------------+-------+-------+-------+-------+-------++-------
Melee: Mace              |    84 |       |       |       |       ||    84
       Headbutt          |    10 |    17 |    53 |   177 |    14 ||   271
       Flail             |     3 |    33 |    34 |    27 |       ||    97
       War axe           |       |    41 |   137 |       |       ||   178
       Rapier            |       |       |    45 |   497 |    33 ||   575
       Halberd           |       |       |    17 |       |       ||    17
 Fire: Hunting sling     |     5 |    48 |   132 |    53 |    12 ||   250
Throw: Stone             |    26 |     8 |   115 |   273 |     5 ||   427
Invok: Berserk           |       |     1 |     3 |     6 |     1 ||    11
       Trog's Hand       |       |       |       |     2 |       ||     2
       Burn Spellbooks   |       |       |       |     1 |       ||     1
Evoke: Wand              |       |       |       |     5 |     4 ||     9
  Use: Scroll            |     5 |     2 |     4 |    17 |     1 ||    29
       Potion            |       |       |     2 |    13 |     1 ||    16
 Stab: Sleeping          |       |       |       |     4 |       ||     4
       Distracted        |       |       |       |     1 |       ||     1
       Confused          |       |       |       |     1 |       ||     1
  Eat: Chunk             |     2 |     3 |    19 |    20 |     3 ||    47
       Meat ration       |       |       |     1 |       |       ||     1
       Pizza             |       |       |       |     2 |       ||     2
       Royal jelly       |       |       |       |     1 |       ||     1
       Fruit             |       |       |       |     3 |       ||     3
Armor: Chain mail        |    52 |    25 |       |       |       ||    77
       Plate armour      |       |    30 |   169 |    29 |       ||   228
       Ring mail         |       |       |       |    48 |       ||    48
       Leather armour    |       |       |       |    14 |    14 ||    28
Dodge: Dodged            |    32 |    32 |   110 |   184 |    58 ||   416
Block: Buckler           |     7 |    10 |    35 |    83 |    31 ||   166
